 Dungeon Crawl Stone Soup version 0.23.2-1-ga50397a6bc (webtiles) character file.

Game seed: 4223632337147290534

4128 Foic the Thaumaturge (level 10, -1/51 HPs)
             Began as a Deep Elf Summoner on May 18, 2019.
             Was a Believer of Sif Muna.
             Killed from afar by a fire dragon (18 damage)
             ... with a blast of flame
             ... on level 10 of the Dungeon.
             The game lasted 01:26:52 (10046 turns).

Foic the Thaumaturge (Deep Elf Summoner)           Turns: 10046, Time: 01:26:53

Health: -1/51      AC:  6    Str:  2 (5)  XL:     10   Next: 6%
Magic:  14/29      EV: 15    Int: 21 (24) God:    Sif Muna [**....]
Gold:   286        SH:  0    Dex: 14 (17) Spells: 22/35 levels left

rFire    . . .     SeeInvis .   (no weapon)
rCold    . . .     Gourm    .   (no shield)
rNeg     . . .     Faith    .   C - +0 troll leather armour
rPois    .         Spirit   .   (no helmet)
rElec    .         Reflect  .   g - +0 cloak
rCorr    .         Harm     .   w - +0 pair of gloves
MR       +....                  (no boots)
Stlth    +++.......             (no amulet)
HPRegen  0.57/turn              x - +2 ring of dexterity
MPRegen  0.21/turn              (no ring)

@: no status effects
A: no striking features
a: Divine Energy, Renounce Religion


You were on level 10 of the Dungeon.
You worshipped Sif Muna.
Sif Muna was pleased with you.
You were not hungry.

You visited 2 branches of the dungeon, and saw 10 of its levels.
You also visited: Sewer.

You collected 286 gold pieces.

Inventory:

Hand Weapons
 b - a +1 short sword of protection
 E - the +7 mace of Variability {chain chaos}
   (You found it on level 8 of the Dungeon)

   Each time it hits an enemy it has a different, random effect.
Missiles
 n - 228 arrows
Armour
 a - a +0 robe
 g - a +0 cloak (worn)
 w - a +0 pair of gloves (worn)
 B - a +2 leather armour of poison resistance
 C - a +0 troll leather armour (worn)
Jewellery
 j - an uncursed ring of fire
 x - a +2 ring of dexterity (left hand)
Wands
 o - a wand of polymorph (6)
Scrolls
 e - 2 scrolls of amnesia
 f - 3 scrolls of remove curse
 k - 6 scrolls of identify
 l - a scroll of blinking {unknown}
 m - 2 scrolls of fear {unknown}
 p - 3 scrolls of enchant armour {unknown}
 q - 2 scrolls of immolation {unknown}
 v - 2 scrolls of teleportation {unknown}
 y - a scroll of acquirement {unknown}
 G - a scroll of brand weapon {unknown}
Potions
 r - a potion of brilliance
 s - a potion of might
 t - 4 potions of curing
 u - a potion of agility {unknown}
 z - 5 potions of lignification {unknown}
 A - a potion of mutation {unknown}
 D - 3 potions of haste {unknown}
Comestibles
 c - 13 rations
 h - a chunk of flesh


   Skills:
 + Level 0.4 Fighting
 + Level 0.7 Armour
 * Level 9.3 Dodging
 + Level 6.1 Stealth
 * Level 13.3 Spellcasting
 + Level 9.9 Summonings
 + Level 2.2 Ice Magic


You had 22 spell levels left.
You knew the following spells:

 Your Spells              Type           Power        Failure   Level  Hunger
a - Summon Small Mammal   Summ           ####         1%          1    None
b - Call Imp              Summ           ######..     1%          2    None
c - Call Canine Familiar  Summ           ######..     1%          3    None
d - Summon Ice Beast      Ice/Summ       #####...     9%          4    None
e - Confuse               Hex            ##......     30%         3    None

Your spell library contained the following spells:

 Spells                   Type           Power        Failure   Level  Hunger
 Summon Guardian Golem    Hex/Summ       ####....     4%          3    None
 Confusing Touch          Hex            ##....       10%         1    None
 Summon Lightning Spire   Summ/Air       ####....     13%         4    None
 Gell's Gravitas          Tloc           ##........   30%         3    None
 Petrify                  Tmut/Erth      ##......     69%         4    None
 Metabolic Englaciation   Hex/Ice        ###.......   87%         5    ###....
 Yara's Violent Unravell  Hex/Tmut       ##........   95%         5    ###....


Dungeon Overview and Level Annotations

Branches:
Dungeon (10/15)            Temple (1/1) D:6            Lair (0/6) D:10
    Orc (0/2) D:9

Altars:
Ashenzari
Dithmenos
Fedhas
Gozag
Hepliaklqana
Kikubaaqudgha
Makhleb
Nemelex Xobeh
Okawaru
Qazlal
Ru
Sif Muna
Trog
Uskayaw
Vehumet
Xom
The Shining One

Shops:
D:9 *

Annotations:
D:6 2 transporters, endorz's ghost, novice GrFi


Message History

Your crimson imp blinks!
Your wolf closely misses the fire dragon.
Your wolf barely misses the fire dragon.
Your crimson imp blinks!
Your ice beast hits the fire dragon.
Your ice beast freezes the fire dragon!
The fire dragon is frozen!
Your wolf closely misses the fire dragon.
Your wolf barely misses the fire dragon.
Your wolf barely misses the fire dragon.
The fire dragon breathes flames at you. The blast of flame hits you!!
* * * LOW HITPOINT WARNING * * *
Your wolf bites the fire dragon but does no damage.
You feel better.
Your wolf bites the fire dragon but does no damage.
Your wolf bites the fire dragon!
Your wolf barely misses the fire dragon.
The fire dragon breathes flames at you. The blast of flame hits you!!
You die...

#.≈≈≈.###Y# ##.
#..≈#.# #h# #..
#.# #.# ####< #.#
#Y# ..... #.###h#
#. ##.#.. #...D.#
#. .♣≈.≈.≈
#.....# #.
≈≈♣.♣≈≈ #.....#
##.
#≈≈≈.≈≈♣#@##..#
##≈≈
..≈.≈≈≈≈#.##..#
## ≈≈≈
≈≈#≈.≈..>.##..#
..####≈
..≈.≈≈≈≈..##..###
#.....
#≈≈.≈≈≈...##....
#>....
.≈♣≈≈.....##..##
#.....
...♣......##..#
#.....
≈.≈.≈≈≈.......#
..##.....
#..##.........#
#..##.....


You could see a fire dragon, a friendly ice beast and a friendly wolf.

Vanquished Creatures (collateral kills)
  2 two-headed ogres (D:8)
  A manticore (D:7)
  2 trolls
  Grinder (D:6)
  A hippogriff (D:8)
  A wyvern (D:9)
  2 chaos spawn (D:8)
  Duvessa (D:6)
  7 ice beasts
  A sky beast (D:8)
  4 orc warriors
  A black bear (D:6)
  2 ogres
  3 phantoms
  A necrophage (D:9)
  5 centaurs
  5 bullfrogs
  A big kobold (Sewer)
  A wyvern zombie (D:8)
  4 scorpions
  Dowan (D:6)
  6 killer bees
  2 howler monkeys (D:8)
  4 crimson imps
  A bullfrog zombie (D:5)
  A centaur zombie (D:6)
  12 hounds
  7 orc priests
  A gnoll shaman (D:9)
  4 jellies
  11 orc wizards
  Jessica (D:2)
  Ijyb (D:3)
  2 iguanas
  3 worker ants
  A killer bee zombie (D:8)
  A hound skeleton (D:8)
  9 adders
  2 howler monkey skeletons
  5 gnolls
  5 shadow imps
  8 oozes
  2 adder zombies
  3 adder skeletons
  A worm (D:2)
  2 dart slugs
  7 leopard geckos
  42 orcs
  2 bats
  11 giant cockroaches
  7 goblins
  7 hobgoblins
  16 jackals
  21 kobolds
  2 quokkas
  A ball python (Sewer)
  8 frilled lizards
  A quokka skeleton (D:7)
  2 quokka zombies
  13 rats
282 creatures vanquished.

Vanquished Creatures (others)
  An orc priest (D:7)
  5 plants (D:6)
6 creatures vanquished.

Grand Total: 288 creatures vanquished

Notes
Turn   | Place    | Note
-------+----------+-------------------------------------------
     0 | D:1      | Foic the Deep Elf Summoner began the quest for the Orb.
     0 | D:1      | Reached XP level 1. HP: 10/10 MP: 6/6
   215 | D:1      | Reached XP level 2. HP: 15/15 MP: 8/8
   235 | D:1      | Learned a level 2 spell: Call Imp
  1117 | D:2      | Noticed Jessica
  1527 | D:2      | Killed Jessica
  1527 | D:2      | Reached skill level 4 in Spellcasting
  1527 | D:2      | Reached XP level 3. HP: 19/19 MP: 4/10
  1553 | D:2      | Learned a level 3 spell: Call Canine Familiar
  1570 | D:2      | Found an iron altar of Okawaru.
  2516 | D:2      | Found a blossoming altar of Fedhas.
  2719 | D:3      | Noticed Ijyb
  2757 | D:3      | Killed Ijyb
  2757 | D:3      | Reached XP level 4. HP: 24/24 MP: 6/12
  2918 | D:3      | Reached skill level 5 in Spellcasting
  2977 | D:3      | Reached skill level 5 in Summonings
  3001 | D:3      | Found a glowing drain.
  3092 | Sewer    | Entered a sewer
  3305 | Sewer    | Noticed a big kobold
  3312 | Sewer    | Reached skill level 9 in Spellcasting
  3312 | Sewer    | Reached XP level 5. HP: 23/28 MP: 8/19
  3351 | Sewer    | Reached XP level 6. HP: 19/32 MP: 8/20
  3708 | D:3      | You fall through a shaft for 2 floors!
  3708 | D:5      | Entered Level 5 of the Dungeon
  3728 | D:5      | Learned a level 4 spell: Summon Ice Beast
  3830 | D:5      | HP: 1/32 [orc/cursed -1 short sword (5)]
  4197 | D:5      | Noticed an ice beast
  4209 | D:5      | Killed an ice beast
  4299 | D:5      | Found a sacrificial altar of Ru.
  4739 | D:6      | Found a transporter.
  4749 | D:6      | Reached skill level 10 in Spellcasting
  4749 | D:6      | Reached XP level 7. HP: 36/36 MP: 14/22
  4750 | D:6      | Identified the +4 scale mail of the City {rC+}
  4848 | D:6      | Found a transporter.
  4868 | D:6      | Noticed a troll
  4875 | D:6      | Killed a troll
  4893 | D:6      | Noticed Dowan
  4899 | D:6      | Killed Dowan
  4901 | D:6      | Noticed Duvessa
  4915 | D:6      | Killed Duvessa
  5178 | D:6      | Noticed Grinder
  5204 | D:6      | Killed Grinder
  5204 | D:6      | Reached XP level 8. HP: 42/42 MP: 16/24
  5295 | D:6      | Found an opulent altar of Gozag.
  5429 | D:6      | Found a staircase to the Ecumenical Temple.
  5435 | Temple   | Entered the Ecumenical Temple
  5576 | Temple   | Became a worshipper of Sif Muna the Loreminder
  5615 | D:6      | Identified the ring "Fiaddoong" {*Tele Int+4}
  5624 | D:6      | Noticed endorz's ghost (novice GrFi)
  5987 | D:6      | Reached skill level 11 in Spellcasting
  6112 | D:6      | Reached skill level 1 in Ice Magic
  6527 | D:7      | Found a hide-covered altar of Uskayaw.
  6565 | D:7      | Noticed a manticore
  6686 | D:7      | Killed a manticore
  7005 | D:7      | Learned a level 3 spell: Confuse
  7047 | D:8      | Reached * piety under Sif Muna
  7072 | D:8      | Noticed a hippogriff
  7081 | D:8      | Killed a hippogriff
  7140 | D:8      | Found a shimmering altar of Xom.
  7140 | D:8      | Noticed a two-headed ogre
  7181 | D:8      | Killed a two-headed ogre
  7181 | D:8      | Reached XP level 9. HP: 46/46 MP: 4/26
  7374 | D:8      | Found the +7 mace of Variability {chain chaos}
  7525 | D:8      | Found a sparkling altar of Nemelex Xobeh.
  7535 | D:8      | Noticed a two-headed ogre
  7547 | D:8      | Killed a two-headed ogre
  7547 | D:8      | Reached skill level 12 in Spellcasting
  8202 | D:9      | Found a stormy altar of Qazlal.
  8509 | D:9      | Found a staircase to the Orcish Mines.
  8524 | D:9      | Noticed a troll
  8532 | D:9      | Killed a troll
  8532 | D:9      | Reached ** piety under Sif Muna
  8806 | D:9      | Found Salappaw's General Store.
  8867 | D:9      | Found a shattered altar of Ashenzari.
  8936 | D:9      | Found a glowing golden altar of the Shining One.
  9209 | D:9      | Reached skill level 13 in Spellcasting
  9542 | D:10     | Entered Level 10 of the Dungeon
  9570 | D:10     | Reached XP level 10. HP: 47/51 MP: 21/29
  9976 | D:10     | Found a staircase to the Lair.
  9978 | D:10     | Noticed a fire dragon
 10046 | D:10     | Killed from afar by a fire dragon

Skill      XL: |  1  2  3  4  5  6  7  8  9 |
---------------+----------------------------+-----
Dodging        | 3 7 8 9 |  9.3
Spellcasting   | 4 9 10 11 13 | 13.3
Summonings     | 8 9 |  9.9
Stealth        | 6 |  6.1
Ice Magic      | 1 2 |  2.2
Fighting       | |  0.4
Armour         | |  0.7

Action                   |  1- 3 |  4- 6 |  7- 9 | 10-12 || total
-------------------------+-------+-------+-------+-------++-------
Melee: Unarmed           |       |     1 |       |       ||     1
 Cast: Summon Small Mamm |    69 |    34 |    91 |     3 ||   197
       Call Imp          |    25 |    16 |    34 |     4 ||    79
       Call Canine Famil |    10 |    12 |    50 |     5 ||    77
       Summon Ice Beast  |       |     3 |    49 |     8 ||    60
       Confuse           |       |       |       |     1 ||     1
  Use: Potion            |       |     3 |     1 |     8 ||    12
       Scroll            |       |     2 |     4 |       ||     6
  Eat: Chunk             |     6 |     6 |    15 |     2 ||    29
Armor: Robe              |     5 |     4 |     1 |       ||    10
       Troll leather arm |       |       |    13 |     8 ||    21
Dodge: Dodged            |    20 |    41 |    64 |    29 ||   154
